 Dungeon Crawl Stone Soup version 0.26.1-10-gdfb7c7de75 (webtiles) character file.

Game seed: 18385512174792405911

504 Gabide the Magician (level 6, -1/42 HPs)
             Began as a Mummy Necromancer on Apr 9, 2021.
             Was an Initiate of Ashenzari.
             Slain by a gnoll
             ... wielding a +0 spear
              (3 damage)
             ... on level 4 of the Dungeon.
             The game lasted 00:13:39 (4728 turns).

Gabide the Magician (Mummy Necromancer)             Turns: 4728, Time: 00:13:40

Health: -1/42      AC:  4    Str: 11    XL:     6   Next: 96%
Magic:  12/15      EV: 12    Int: 17    God:    Ashenzari [......]
Gold:   241        SH:  0    Dex: 12    Spells: 4/17 levels left

rFire    x . .     SeeInvis .   f - +2 quarterstaff (chaos)
rCold    + . .     Faith    .   (shield currently unavailable)
rNeg     + + +     Spirit   .   a - +0 robe
rPois    ∞         Reflect  .   (no helmet)
rElec    .         Harm     .   e - +1 cloak
rCorr    .         Rampage  .   (no gloves)
Will     .....                  (no boots)
Stlth    ++........             (no amulet)
HPRegen  0.14/turn              (no ring)
MPRegen  0.14/turn              (no ring)

@: about to teleport
A: no potions, fire vulnerability, cold resistance 1, negative energy resistance
3, torment resistance, unbreathing
a: Renounce Religion, Curse Item


You were on level 4 of the Dungeon.
You worshipped Ashenzari.
Ashenzari was noncommittal.
You visited 1 branch of the dungeon, and saw 4 of its levels.

You collected 241 gold pieces.

Inventory:

Hand Weapons
 b - a +1 whip of flaming
 f - a +2 quarterstaff of chaos (weapon)
 h - a +1 whip of draining
Armour
 a - a +0 robe (worn)
 e - a +1 cloak (worn)
Scrolls
 c - 3 scrolls of identify
 d - 2 scrolls of teleportation
 g - a scroll of fog


   Skills:
 + Level 0.4 Fighting
 + Level 0.3(0.7) Maces & Flails
 * Level 0.9(1.0) Staves
 + Level 1.8 Dodging
 + Level 1.9 Stealth
 + Level 6.4 Spellcasting
 * Level 6.2 Necromancy


You had 4 spell levels left.
You knew the following spells:

 Your Spells              Type           Power        Failure   Level
a - Pain                  Necr           100%         1%          1
b - Vampiric Draining     Necr           13%          2%          3
c - Animate Dead          Necr           13%          10%         4
d - Agony                 Necr           26%          26%         5

Your spell library contained the following spells:

 Spells                   Type           Power        Failure   Level
 Animate Skeleton         Necr           52%          1%          1


Dungeon Overview and Level Annotations

Branches:
Dungeon (4/15)
 Temple: D:4-7

Altars:
Ashenzari
Cheibriados
Nemelex Xobeh
Ru


Innate Abilities, Weirdness & Mutations

You do not drink.
Your flesh is vulnerable to fire.
You are immune to poison.
Your flesh is cold resistant. (rC+)
You are immune to negative energy. (rN+++)
You are immune to unholy pain and torment.
You can survive without breathing.


Message History

Aiming: Pain (safe; 1% risk of failure)
Press: ? - help, Shift-Dir - straight line, f - gnoll
Aim: a gnoll, wielding a +0 halberd (chance to affect: 89%)
The gnoll writhes in agony.
The gnoll closely misses you.
Casting: Pain (safe; 1% risk of failure)
Confirm with . or Enter, or press ? or * to list all spells.
Aiming: Pain (safe; 1% risk of failure)
Press: ? - help, Shift-Dir - straight line, f/p - gnoll
Aim: a gnoll, wielding a +0 halberd (moderately wounded, chance to affect: 89%)
The gnoll writhes in agony.
The gnoll hits you from afar with a +0 halberd!
* * * LOW HITPOINT WARNING * * *
The gnoll hits you from afar with a +0 spear!
* * * LOW HITPOINT WARNING * * *
As you read the scroll of teleportation, it crumbles to dust.
You feel strangely unstable.
The gnoll hits you from afar with a +0 spear.
* * * LOW HITPOINT WARNING * * *
The gnoll hits you from afar with a +0 spear.
You die...

.............#......[.......
......####.###......########
.....# #..##......# .....
#....<.....# ...###
###........#
..#⌠.##+##.⌠#.......#
..#.................#
#.#........###.#..###
...#.......#...#@.#
...+..._...+...#..#
...#.......#...#g.#
##.#.......#####g.#
..#....!....#.....#
...⌠...+#..⌠#.....#
#g####...####...###
#.g..#...#.....##
###..#..[#....?#


You could see 2 gnolls.

Vanquished Creatures
  A centaur (D:2)
  A scorpion (D:4)
  A hound (D:4)
  Crazy Yiuf (D:2)
  An orc priest (D:3)
  Natasha (thrice) (D:2)
  An iguana (D:4)
  2 orc wizards
  2 gnolls (D:4)
  2 adders (D:3)
  A white imp (D:3)
  An ooze (D:1)
  An adder zombie (D:2)
  An adder skeleton (D:4)
  2 worms
  2 dart slugs (D:1)
  9 leopard geckos
  3 orcs (D:3)
  5 giant cockroaches
  5 goblins (D:1)
  4 hobgoblins
  2 quokkas
  7 bats
  2 frilled lizards
  12 kobolds
  10 rats
82 creatures vanquished.

Notes
Turn   | Place    | Note
-------+----------+-------------------------------------------
     0 | D:1      | Gabide the Mummy Necromancer began the quest for the Orb.
     0 | D:1      | Reached XP level 1. HP: 13/13 MP: 4/4
   142 | D:1      | Reached XP level 2. HP: 9/19 MP: 0/5
   881 | D:1      | Reached XP level 3. HP: 24/24 MP: 3/7
   967 | D:1      | Learned a level 3 spell: Vampiric Draining
  2402 | D:2      | Noticed Natasha
  2412 | D:2      | Killed Natasha
  2413 | D:2      | Reached skill level 5 in Necromancy
  2413 | D:2      | Reached XP level 4. HP: 22/30 MP: 0/9
  2552 | D:2      | Noticed Natasha
  2567 | D:2      | Killed Natasha
  2755 | D:2      | Found a sparkling altar of Nemelex Xobeh.
  2797 | D:2      | Noticed a centaur
  2805 | D:2      | Killed a centaur
  2806 | D:2      | Reached XP level 5. HP: 21/36 MP: 4/12
  2814 | D:2      | Learned a level 4 spell: Animate Dead
  2820 | D:2      | Learned a level 5 spell: Agony
  3159 | D:2      | Found a runed translucent door.
  3160 | D:2      | Noticed Crazy Yiuf
  3162 | D:2      | Noticed Natasha
  3233 | D:2      | Found a sacrificial altar of Ru.
  3389 | D:2      | Killed Natasha
  3390 | D:2      | Reached skill level 5 in Spellcasting
  3396 | D:2      | Killed Crazy Yiuf
  3671 | D:3      | Reached XP level 6. HP: 32/42 MP: 5/14
  4235 | D:3      | Found a snail-covered altar of Cheibriados.
  4618 | D:4      | Found a broken altar of Ashenzari.
  4674 | D:4      | Became a worshipper of Ashenzari the Shackled
  4727 | D:4      | HP: 2/42 [gnoll/+0 spear (3)]
  4728 | D:4      | Slain by a gnoll

Illustrated notes

Levels and vault maps discovered:
D:1:      minmay_arrival_cross, layout_basic, corexii_hall_statues_i,
          lemuel_flame_loot_1
D:2:      layout_loops_ring, nicolae_overflow_crystal_walls,
          lemuel_crystal_altar, uniq_natasha, uniq_crazy_yiuf_cottage
D:3:      layout_basic, nicolae_overflow_hidden_temple
D:4:      layout_basic, evilmike_ruin_ashenzari, uniq_duvessa

Skill      XL: |  1  2  3  4  5  6 |
---------------+-------------------+-----
Spellcasting   | 3 4 5 6 |  6.4
Necromancy     | 5 6 |  6.2
Fighting       | |  0.4
Maces & Flails | |  0.3
Staves         | |  0.9
Dodging        | |  1.8
Stealth        | |  1.9

Action                   |  1- 3 |  4- 6 || total
-------------------------+-------+-------++-------
Melee: Whip              |    26 |    10 ||    36
       Quarterstaff      |       |    14 ||    14
 Cast: Pain              |    79 |   106 ||   185
  Use: Scroll            |     3 |     7 ||    10
Armor: Robe              |     9 |    18 ||    27
Dodge: Dodged            |    25 |    46 ||    71
